 Dungeon Crawl Stone Soup version 0.28.0 (webtiles) character file.

Game seed: 5462510402865690685

134 issech the Cudgeller (level 4, -3/44 HPs)
             Began as a Troll Monk on Feb 13, 2022.
             Slain by an iguana (6 damage)
             ... on level 4 of the Dungeon.
             The game lasted 00:07:04 (2252 turns).

issech the Cudgeller (Troll Monk)                   Turns: 2252, Time: 00:07:05

Health: -3/44      AC:  5    Str: 19    XL:     4   Next: 95%
Magic:  3/3        EV: 10    Int:  6    God:
Gold:   216        SH:  0    Dex: 14    Spells: 3/3 levels left

rFire   . . .      SeeInvis .   a - +0 mace
rCold   . . .      Faith    .   (no shield)
rNeg    . . .      Spirit   .   b - +0 robe
rPois   .          Reflect  .   (helmet restricted)
rElec   .          Harm     .   w - +0 cloak
rCorr   .          Rampage  .   (gloves unavailable)
Will    .....                   (boots unavailable)
Stlth   ++........              (no amulet)
HPRegen 0.94/turn               (no ring)
MPRegen 0.08/turn               (no ring)

@: no status effects
A: large, unfitting armour, claws 3, regeneration 1, shaggy fur 1, tough skin 1
a: no special abilities


You were on level 4 of the Dungeon.
You visited 1 branch of the dungeon, and saw 4 of its levels.

You collected 216 gold pieces.

Inventory:

Hand Weapons
 a - a +0 mace (weapon)
 q - a +2 antimagic short sword
 y - a +2 dagger of holy wrath
Missiles
 c - 7 large rocks (quivered)
 i - 112 stones
 l - 21 arrows
 t - 33 bolts
 x - 14 sling bullets
Armour
 b - a +0 robe (worn)
 w - a +0 cloak (worn)
Wands
 n - a wand of flame (5)
Scrolls
 f - 2 scrolls of immolation {unknown}
 g - 3 scrolls of fog {unknown}
 h - a scroll of identify {unknown}
 j - a scroll of noise {unknown}
 m - a scroll of teleportation {unknown}
 o - a scroll of amnesia {unknown}
 p - a scroll of enchant weapon {unknown}
 v - a scroll of blinking {unknown}
Potions
 d - 2 potions of resistance {unknown}
 e - 6 potions of curing {unknown}
 k - 2 potions of mutation {unknown}
 r - 2 potions of attraction {unknown}
 s - a potion of flight {unknown}
 u - a potion of ambrosia {unknown}


   Skills:
 + Level 2.9 Fighting
 + Level 4.2 Maces & Flails
 + Level 3.0 Dodging
 + Level 1.2 Stealth


You had 3 spell levels left.
You didn't know any spells.
Your spell library contained the following spells:

 Spells                   Type           Power      Damage    Failure   Level
 Animate Skeleton         Necr           0%         N/A       45%         1
 Apportation              Tloc           0%         N/A       45%         1
 Summon Small Mammal      Summ           0%         N/A       45%         1


Dungeon Overview and Level Annotations

Branches:
Dungeon (4/15)
 Temple: D:4-7

Altars:


Innate Abilities, Weirdness & Mutations

You are too large for most types of armour.
You have claws for hands.
Your natural rate of healing is unusually fast.
You are covered in fur. (AC +1)
You have tough skin. (AC +1)


Message History

The shadow imp hits you.
You hit the shadow imp.
You kill the shadow imp!
You start resting.
HP restored.
You climb downwards.
The iguana bites you.
There is a stone staircase leading up here.
You barely miss the iguana. The iguana misses you.
You closely miss the iguana. The iguana barely misses you.
The iguana bites you.
You barely miss the iguana. The iguana misses you.
You completely miss the iguana. The iguana closely misses you.
You hit the iguana.
The iguana is moderately wounded.
The iguana bites you!
You closely miss the iguana.
The iguana is moderately wounded.
The iguana closely misses you.
You hit the iguana.
The iguana is moderately wounded.
The iguana bites you! x2
You hit the iguana.
The iguana is severely wounded.
The iguana bites you.
You hit the iguana.
The iguana is almost dead.
The iguana barely misses you.
You hit the iguana but do no damage.
The iguana is almost dead.
The iguana bites you.
* * * LOW HITPOINT WARNING * * *
You closely miss the iguana.
The iguana is almost dead.
The iguana closely misses you.
You hit the iguana but do no damage.
The iguana is almost dead.
The iguana bites you!
* * * LOW HITPOINT WARNING * * *
The iguana bites you.
You die...

..# #######..#
####.(......##
##............#
...............
...............
........l......
.......@.......
....?.........#
#...........###
##..........#
##.....##....
##...## ##...
...# ..# #...
.#


You could see an iguana.

Vanquished Creatures
  6 adders
  A shadow imp (D:3)
  2 worms (D:2)
  An orc (D:3)
  5 ball pythons
  A bat skeleton (D:2)
  7 endoplasms
  A giant cockroach (D:1)
  8 goblins
  6 hobgoblins
  2 jackals (D:2)
  A quokka (D:3)
  10 bats
  3 frilled lizards
  5 kobolds
  6 rats
65 creatures vanquished.

Notes
Turn   | Place    | Note
-------+----------+-------------------------------------------
     0 | D:1      | issech the Troll Monk began the quest for the Orb.
     0 | D:1      | Reached XP level 1. HP: 22/22 MP: 0/0
   253 | D:1      | Reached skill level 3 in Maces & Flails
   253 | D:1      | Reached XP level 2. HP: 28/29 MP: 1/1
   700 | D:2      | Reached XP level 3. HP: 28/36 MP: 2/2
  1116 | D:2      | Reached XP level 4. HP: 44/44 MP: 3/3
  1208 | D:2      | Reached skill level 4 in Maces & Flails
  2252 | D:4      | Slain by an iguana

Illustrated notes

Levels and vault maps discovered:
D:1:      minmay_arrival_wavy_path, layout_rooms, kennysheep_crisscross,
          st_stairs_14, minmay_heptomino_l4
D:2:      minmay_wonky_spiral, layout_basic, minmay_splitting_lines,
          minmay_divided_ellipse
D:3:      layout_rooms, hex_intersection, minmay_crystal_room, minmay_bisected
D:4:      layout_cave_pods, mainiacjoe_overflow_catwalk,
          nicolae_qazlal_general_emergency, serial_column_ruins,
          column_ruins_temple_hall, column_ruins_open_medium,
          column_ruins_open_small, column_ruins_open_tiny_water,
          column_ruins_open_small

Skill      XL: |  1  2  3  4 |
---------------+-------------+-----
Maces & Flails | 3 4 |  4.2
Dodging        | 3 |  3.0
Fighting       | |  2.9
Stealth        | |  1.2

Action                   |  1- 3 |  4- 6 || total
-------------------------+-------+-------++-------
Melee: Mace              |   136 |   113 ||   249
       Punch             |     2 |     1 ||     3
 Stab: Sleeping          |     2 |     1 ||     3
Armor: Robe              |   141 |    41 ||   182
Dodge: Dodged            |   210 |    65 ||   275
